 Dungeon Crawl Stone Soup version 0.28-a0-1396-gdcb3f3653b (webtiles) character file.

Game seed: 12364373394214874957

852 Lekart the Slasher (level 7, -1/90 HPs)
             Began as a Grey Draconian Fighter on Jan 5, 2022.
             Was a Follower of the Shining One.
             Slain by a killer bee (5 damage)
             ... on level 4 of the Dungeon.
             The game lasted 00:06:48 (4942 turns).

Lekart the Slasher (Grey Draconian Fighter)         Turns: 4942, Time: 00:06:49

Health: -1/90      AC: 23    Str: 18    XL:     7   Next: 69%
Magic:  8/8        EV:  2    Int:  9    God:    the Shining One [*.....]
Gold:   157        SH:  6    Dex: 12    Spells: 6/6 levels left

rFire   + . .      SeeInvis .   a - +0 long sword
rCold   + . .      Faith    .   b - +1 buckler
rNeg    . . .      Spirit   .   (armour unavailable)
rPois   +          Reflect  .   (helmet currently unavailable)
rElec   +          Harm     .   (cloak currently unavailable)
rCorr   +          Rampage  .   (gloves currently unavailable)
Will    .....      NoTele   +   (boots currently unavailable)
Stlth   +.........              (no amulet)
HPRegen 0.25/turn               (no ring)
MPRegen 0.11/turn               (no ring)

@: lethally poisoned (-1 -> -3), tree-form, resistant, glowing, invisible (but
backlit and visible)
A: stationary, stasis, torment immunity, boosted hp, AC +11, (amphibious),
unfitting armour, (cold-blooded)
a: Renounce Religion, Divine Shield


You were on level 4 of the Dungeon.
You worshipped the Shining One.
The Shining One was aware of your devotion.
You were a tree.
You visited 2 branches of the dungeon, and saw 6 of its levels.

You collected 157 gold pieces.

Inventory:

Hand Weapons
 a - a +0 long sword (weapon)
 h - the +8 hunting sling "Cuimm" {freeze, rPois rN+ Str-5}
   (You found it on level 2 of the Dungeon)

   Any ammunition fired from it freezes those it strikes, dealing additional
   cold damage.
   It can also slow down cold-blooded creatures.
   Str:       It affects your strength (-5).
   rPois:     It protects you from poison.
   rN:        It protects you from negative energy.
Armour
 b - a +1 buckler (worn)
 j - a +0 cloak (melded)
Jewellery
 i - a ring of ice
Scrolls
 k - a scroll of identify
 l - 3 scrolls of amnesia
 m - 3 scrolls of teleportation
Potions
 d - 2 potions of lignification
 e - a potion of resistance
 f - a potion of invisibility
 g - 3 potions of brilliance {unknown}
 n - a potion of haste {unknown}
 o - a potion of berserk rage {unknown}
 p - a potion of mutation {unknown}


   Skills:
 + Level 4.9 Fighting
 + Level 5.5 Long Blades
 + Level 0.4 Throwing
 + Level 4.3 Dodging
 * Level 5.1 Shields
 * Level 2.2 Invocations


You had 6 spell levels left.
You didn't know any spells.
Your spell library contained the following spells:

 Spells                   Type           Power      Damage    Failure   Level
 Ignite Poison            Fire/Tmut/Pois 0%         N/A       77%         3
 Spider Form              Tmut/Pois      0%         N/A       77%         3
 Passage of Golubria      Tloc           0%         N/A       99%         4


Dungeon Overview and Level Annotations

Branches:
Dungeon (5/15)             Temple (1/1) D:4

Altars:
Ashenzari
Cheibriados
Dithmenos
Elyvilon
Hepliaklqana
Kikubaaqudgha
Makhleb
Nemelex Xobeh
Qazlal
Ru
Sif Muna
Trog
Uskayaw
Vehumet
Wu Jian
Xom
Yredelemnul
Zin
The Shining One


Innate Abilities, Weirdness & Mutations

You are a tree.
Your roots penetrate the ground, keeping you stationary.
You cannot be teleported.
You are immune to unholy pain and torment.
Your maximum health is greatly increased.
Your equipment is partially melded.
((Your dull iron-grey scales are very hard. (AC +11)))
((You are amphibious.))
You cannot fit into any form of body armour.
((You are cold-blooded and may be slowed by cold attacks.))


Message History

The killer bee poisons you! The killer bee misses you.
You hit the killer bee.
You kill the killer bee!
You feel very sick. The killer bee closely misses you.
The killer bee barely misses you.
You hit the killer bee but do no damage.
You feel sick. The killer bee barely misses you. The killer bee stings you.
You are more poisoned.
The killer bee poisons you!
You closely miss the killer bee.
You feel very sick. The killer bee stings you.
* * * LOW HITPOINT WARNING * * *
The killer bee stings you but does no damage.
You hit the killer bee but do no damage.
* * * LOW HITPOINT WARNING * * *
You feel very sick. The killer bee barely misses you.
The killer bee completely misses you.
You slash the killer bee!
The killer bee is heavily wounded.
* * * LOW HITPOINT WARNING * * *
You feel sick.
The killer bee stings you but does no damage.
The killer bee closely misses you. The killer bee stings you.
* * * LOW HITPOINT WARNING * * *
It was a potion of lignification.
You turn into a tree.
Your +0 cloak melds into your body.
Your roots penetrate the ground.
You feel sick. You block the killer bee's attack.
The killer bee completely misses you.
It was a potion of resistance.
You feel protected.
* * * LOW HITPOINT WARNING * * *
You feel sick. You block the killer bee's attack.
The killer bee stings you but does no damage.
It was a potion of invisibility.
You become transparent, but the glow from your halo prevents you from becoming completely invisible.
You feel sick.
The killer bee stings you but does no damage.
The killer bee stings you.
You die...

#.#(#.#.##.#######............# #
##...##..#.# #..####.#....# #
#######'##### #..# #..#.#.###
####⌠##♣.♣##⌠#####..# ##.##.#....
.##...##.##...##...y###..........
##_....'.'...._#.#y>..........#.#
###...##♣##...##h#y.##....<......
# ##⌠## ####⌠###y#.......####..##
# ### #.#### #♣#..###.#.###.##
#########.## #.#............#
...........# #.#.####.#######
#########..## #.#.# #.#
#########.#.####.#.# #.#
#.......###.......# #.#
#.######.#.######.# #.# #.##
##.## #.# #.####### #..## ###
##.####.......###


You could see a killer bee and a jackal.

Vanquished Creatures
  Prince Ribbit (D:5)
  A black bear (D:4)
  A sky beast (D:3)
  A water moccasin skeleton (D:4)
  2 killer bees (D:4)
  A bullfrog zombie (D:5)
  2 orc priests
  A hound (D:4)
  An iguana (D:5)
  2 orc wizards
  2 hound skeletons
  5 adders
  A worm (D:4)
  12 orcs
  10 ball pythons
  A bat (D:2)
  An endoplasm (D:1)
  2 giant cockroaches
  3 goblins
  6 hobgoblins
  3 quokkas
  2 frilled lizards
  4 kobolds
  A quokka skeleton (D:4)
  A rat (D:2)
67 creatures vanquished.

Notes
Turn   | Place    | Note
-------+----------+-------------------------------------------
     0 | D:1      | Lekart the Draconian Fighter began the quest for the Orb.
     0 | D:1      | Reached XP level 1. HP: 19/19 MP: 1/1
   324 | D:1      | Reached XP level 2. HP: 26/26 MP: 2/2
   572 | D:1      | HP: 1/26 [hobgoblin (4)]
  1245 | D:2      | Identified the +8 hunting sling "Cuimm" {freeze, rPois rN+
                  | Str-5}
  1635 | D:2      | Found a bloodstained altar of Trog.
  1851 | D:2      | Reached XP level 3. HP: 23/31 MP: 3/3
  2342 | D:3      | Noticed a sky beast
  2363 | D:3      | HP: 1/33 [something (5)]
  2781 | D:3      | Got Sif Muna's Catalogue of the Unstable Voyage
  2840 | D:3      | Killed a sky beast
  2841 | D:3      | Reached XP level 4. HP: 10/40 MP: 4/4
  2841 | D:3      | Reached XP level 5. HP: 12/46 MP: 5/5
  3620 | D:4      | Reached XP level 6. HP: 37/52 MP: 6/6
  3705 | D:4      | Found a staircase to the Ecumenical Temple.
  3805 | Temple   | Entered the Ecumenical Temple
  3912 | Temple   | Became a worshipper of the Shining One
  4256 | D:4      | Reached skill level 1 in Invocations
  4619 | D:4      | Found a sacrificial altar of Ru.
  4629 | D:4      | Found a hazy altar of Hepliaklqana.
  4716 | D:5      | Entered Level 5 of the Dungeon
  4723 | D:5      | Your scales start taking on a dull iron-grey colour.
  4723 | D:5      | Reached XP level 7. HP: 51/60 MP: 7/7
  4826 | D:5      | Noticed Prince Ribbit
  4837 | D:5      | Killed Prince Ribbit
  4838 | D:5      | Reached skill level 5 in Long Blades
  4838 | D:5      | Reached skill level 5 in Shields
  4902 | D:5      | Reached * piety under the Shining One
  4942 | D:4      | HP: 4/90 [poisoned by a killer bee]
  4942 | D:4      | Slain by a killer bee

Illustrated notes

Levels and vault maps discovered:
D:1:      tarquinn_simple_flora_water_d, layout_basic
D:2:      layout_basic, basic_altar, st_stairs_12
D:3:      layout_rooms
D:4:      layout_loops_ring, amethyst_overflow_temple_binary,
          minmay_temple_entry_wispy, minivault_27, kennysheep_generic_room_6
D:5:      lemuel_castle_with_subvaults [lemuel_castle_interior_carwin_2],
          layout_rooms, mainiacjoe_overflow_catwalk_spiral,
          mainiacjoe_overflow_24_doors, uniq_prince_ribbit1
Temple:   compressed_dpeg_circular_temple

Skill      XL: |  1  2  3  4  5  6  7 |
---------------+----------------------+-----
Dodging        | 3 4 |  4.3
Long Blades    | 3 4 5 |  5.5
Fighting       | 4 |  4.9
Shields        | 4 5 |  5.1
Invocations    | 1 2 |  2.2
Throwing       | |  0.4

Action                   |  1- 3 |  4- 6 |  7- 9 || total
-------------------------+-------+-------+-------++-------
Melee: Long sword        |   109 |   104 |    37 ||   250
       Tailslap          |    12 |    14 |     5 ||    31
Throw: Throwing net      |     4 |       |       ||     4
  Use: Scroll            |     4 |       |       ||     4
       Potion            |       |       |     4 ||     4
Armor: Skin              |    46 |    34 |    31 ||   111
Dodge: Dodged            |    76 |    59 |    49 ||   184
Block: Buckler           |    40 |    32 |    19 ||    91

Table legend: (Time is in decaauts)
 A = Elapsed time spent in this place.
 B = Non-inter-level travel time spent in this place.
 C = Inter-level travel time spent in this place.
 D = Time resting spent in this place.
 E = Time spent auto-exploring this place.
 F = Levels seen in this place.
 G = Mean time per level.
                   A        B        C        D        E       F      G
               +--------+--------+--------+--------+--------+-----+--------+
         Total |   5006 |   4887 |    119 |   1384 |   2692 |   6 |  834.3 |
       Dungeon |   4888 |   4780 |    108 |   1384 |   2638 |   5 |  977.6 |
        Temple |    118 |    107 |     11 |      0 |     54 |   1 |  118.0 |
               +--------+--------+--------+--------+--------+-----+--------+

Top non-repeatable levels by time:
     D:3: 1330 daAuts
     D:4: 1166 daAuts
     D:1: 1166 daAuts
     D:2: 1023 daAuts
     D:5: 201 daAuts
  Temple: 118 daAuts
